 Dungeon Crawl Stone Soup version 0.30.1-11-g7821555f0a (webtiles) character file.

Game seed: 12534882061497771113

95 Craxx the Covered (level 4, 0/35 HPs)
             Began as a Human Fighter on Dec 20, 2023.
             Was an Initiate of Yredelemnul.
             Succumbed to a scorpion's poison
             ... on level 4 of the Dungeon.
             The game lasted 00:18:47 (934 turns).

Craxx the Covered (Human Fighter)                    Turns: 934, Time: 00:18:48

Health: 0/35       AC:  7    Str: 16    XL:     4   Next: 97%
Magic:  4/4        EV:  9    Int:  8    God:    Yredelemnul [......]
Gold:   71         SH:  5    Dex: 15    Spells: 3/3 levels left

rFire   . . .        a - +0 rapier
rCold   . . .        c - +0 buckler
rNeg    . . .        b - +0 scale mail
rPois   .            (no helmet)
rElec   .            (no cloak)
rCorr   .            (no gloves)
SInv    .            (no boots)
Will    .....        (no amulet) Stlth
                     (no ring)
HPRegen 0.25/turn    (no ring)
MPRegen 0.09/turn

%: no passive effects
@: mighty, lethally poisoned (0 -> -1), attractive, flying, hasted, invisible
(expiring), very quick
A: no striking features
a: Renounce Religion, Recall Undead Harvest


You were on level 4 of the Dungeon.
You worshipped Yredelemnul.
Yredelemnul was noncommittal.
You visited 1 branch of the dungeon, and saw 4 of its levels.

You collected 71 gold pieces.

Inventory:

Hand Weapons
 a - a +0 rapier (weapon)
Missiles
 g - 5 stones (quivered)
Armour
 b - a +0 scale mail (worn)
 c - a +0 buckler (worn)
Scrolls
 i - a scroll of brand weapon {unknown}
 j - a scroll of vulnerability {unknown}
 k - a scroll of enchant weapon {unknown}
 n - a scroll of teleportation {unknown}
Potions
 f - a potion of flight


   Skills:
 + Level 3.4 Fighting
 + Level 2.9 Short Blades
 + Level 3.7 Armour
 + Level 0.6 Dodging
 + Level 0.7 Stealth
 + Level 3.4 Shields


You had 3 spell levels left.
You didn't know any spells.
Your spell library contained the following spells:

 Spells                   Type           Power      Damage    Failure   Level
 Freeze                   Ice            0%         1d3       89%         1
 Frozen Ramparts          Ice            0%         1d1       99%         3
 Hailstorm                Conj/Ice       0%         3d3       99%         3


Dungeon Overview and Level Annotations

Branches:
Dungeon (4/15)
 Temple: D:4-7

Altars:
Trog
Yredelemnul


Message History

The scorpion closely misses you. The scorpion barely misses you.
You closely miss the scorpion.
The scorpion is moderately wounded.
The scorpion stings you.
You are poisoned.
The scorpion poisons you!
You hit the scorpion.
The scorpion is heavily wounded.
You feel very sick. The scorpion stings you. The scorpion closely misses you.
You feel very mighty all of a sudden.
* * * LOW HITPOINT WARNING * * *
You feel sick. The scorpion barely misses you.
You catch the helpless scorpion completely off-guard!
You puncture the scorpion!
You kill the scorpion!
The dead are crawling!
* * * LOW HITPOINT WARNING * * *
You feel very sick.
You have reached level 4!
You feel agile.
Unknown command.
* * * LOW HITPOINT WARNING * * *
You feel sick.
* * * LOW HITPOINT WARNING * * *
You feel sick.
You flicker for a moment.
* * * LOW HITPOINT WARNING * * *
You feel sick.
* * * LOW HITPOINT WARNING * * *
You feel sick.
It was a potion of attraction.
You feel attractive to monsters.
* * * LOW HITPOINT WARNING * * *
You feel sick.
It was a potion of haste.
You feel yourself speed up.
* * * LOW HITPOINT WARNING * * *
You feel sick.
You die...
Your body rises from the dead as a mindless zombie.

#.# #####
#.#
......####.#
#####....#.#
.$..#..#.#.#
$$..#......#
$_..#.####Z#
.$..#......#
...$#.....@#
#+###....<.#
..........#
..#......# .
#.....<#
#......#
........#
..#......#
#.#......#


You could see a friendly scorpion zombie.

Vanquished Creatures
  A scorpion (D:4)
  A worm (D:2)
  3 bats
  5 endoplasms
  6 hobgoblins (D:1)
  A jackal (D:2)
  4 kobolds
  A quokka (D:1)
  2 ball pythons
  5 frilled lizards
  4 rats
33 creatures vanquished.

Vanquished Creatures (collateral kills)
  A jackal (D:2)
1 creature vanquished.

Grand Total: 34 creatures vanquished

Notes
Turn   | Place    | Note
-------+----------+-------------------------------------------
     0 | D:1      | Craxx the Human Fighter began the quest for the Orb.
     0 | D:1      | Reached XP level 1. HP: 18/18 MP: 1/1
    43 | D:1      | Reached XP level 2. HP: 15/24 MP: 2/2
   272 | D:1      | Reached XP level 3. HP: 29/29 MP: 3/3
   760 | D:2      | Found a faded altar of an unknown god.
   764 | D:2      | Prayed at the altar of an unknown god.
   764 | D:2      | Became a worshipper of Yredelemnul the Dark
   764 | D:2      | Reached * piety under Yredelemnul
   904 | D:4      | Noticed a scorpion
   918 | D:4      | Found a bloodstained altar of Trog.
   918 | D:4      | HP: 1/29 [scorpion (2)]
   927 | D:4      | Killed a scorpion
   928 | D:4      | Reached XP level 4. HP: 5/35 MP: 4/4
   933 | D:4      | HP: 1/35 [poisoned by a scorpion]
   934 | D:4      | Succumbed to a scorpion's poison

Illustrated notes

Levels and vault maps discovered:
D:1:      tarquinn_simple_flora_water_c, layout_loops_ring,
          chequers_serial_rivers_small_b
D:2:      layout_basic, nicolae_ecumenical_lake_church,
          minmay_randomly_rotated_circles
D:3:      layout_basic, nemelex_dance_club_becter, tso_altar
D:4:      layout_rooms, amcnicky_altar_gilded, general_overflow_altar,
          mainiacjoe_overflow_catwalk, nicolae_shop_fire_sale
          [nicolae_sub_dead_trees], uniq_natasha, uniq_duvessa

Action                     |  1- 3 |  4- 6 || total
---------------------------+-------+-------++-------
  Melee: Rapier            |   139 |       ||   139
  Throw: Stone             |     6 |       ||     6
    Use: Scroll            |     1 |       ||     1
         Potion            |     4 |     2 ||     6
   Stab: Invisible         |     2 |       ||     2
         Distracted        |     1 |       ||     1
 Armour: Scale mail        |    48 |       ||    48
  Dodge: Dodged            |    52 |       ||    52
  Block: Buckler           |    30 |       ||    30
